| TOP OF THE 1ST |
|
Salt Lake Bees batting - Pitching for Nashville Sounds : RHP John LaMotte
|
|
Pitching: RHP John LaMotte
|
|
|
Batting: RHB Mike Harkins
|
0-0: Called Strike 0-1: Foul Ball, location: 2F 0-2: Ball 1-2: Foul Ball, location: 2F 1-2: Ball 2-2: Ball 3-2: Strikes out swinging
|
|
Batting: RHB Justin Lauderdale
|
0-0: Foul Ball, location: 2F 0-1: Called Strike 0-2: Strikes out swinging
|
|
Batting: LHB Vinny Carreno
|
0-0: Reached on error, E6 (Groundball, 6MS, EV 86.2 MPH)
|
|
Batting: LHB Matt Patnaude
|
0-0: Called Strike 0-1: Called Strike 0-2: Ball Wild Pitch! Vinny Carreno to second 1-2: Strikes out swinging
|
| Top of the 1st over - 0 runs, 0 hits, 1 error, 1 left on base; Salt Lake 0 - Nashville 0 |
| BOTTOM OF THE 1ST |
|
Nashville Sounds batting - Pitching for Salt Lake Bees : RHP Jared Pollard
|
|
Pitching: RHP Jared Pollard
|
|
|
Batting: LHB Zachary DeLuca
|
0-0: Ball 1-0: Called Strike 1-1: DOUBLE (Line Drive, 5D, EV 95.6 MPH)
|
|
Batting: RHB Robby Godwin
|
0-0: Fly out, F6 (Flyball, 56D, EV 94.4 MPH)
|
|
Batting: RHB Chris Stillions
|
0-0: Ball 1-0: Called Strike 1-1: Foul Ball, location: 2F 1-2: DOUBLE (Line Drive, 78XD, EV 106.9 MPH) Zachary DeLuca scores
|
|
Batting: RHB Dusty Thompson
|
0-0: Ball 1-0: Fly out, F9 (Flyball, 9, EV 91.9 MPH)
|
|
Batting: SHB Rich Muniz
|
0-0: Ball 1-0: Ground out 6-3 (Groundball, 6M, EV 101.2 MPH)
|
| Bottom of the 1st over - 1 run, 2 hits, 0 errors, 1 left on base; Salt Lake 0 - Nashville 1 |
| TOP OF THE 2ND |
|
Salt Lake Bees batting - Pitching for Nashville Sounds : RHP John LaMotte
|
|
Batting: RHB Jose Pineda
|
0-0: Called Strike 0-1: Called Strike 0-2: Ground out 4-3 (Groundball, 4, EV 95.6 MPH)
|
|
Batting: RHB Cesar Ortega
|
0-0: Called Strike 0-1: Reached on error, E6 (Groundball, 6M, EV 83.1 MPH)
|
|
Batting: SHB Brendan Bundy
|
0-0: Called Strike Cesar Ortega steals 3rd base (no throw) 0-1: Swinging Strike 0-2: Foul Ball, location: 2F 0-2: Strikes out swinging
|
|
Batting: RHB Ryan Marler
|
0-0: Called Strike 0-1: Swinging Strike 0-2: Ball 1-2: Strikes out swinging
|
| Top of the 2nd over - 0 runs, 0 hits, 1 error, 1 left on base; Salt Lake 0 - Nashville 1 |
| BOTTOM OF THE 2ND |
|
Nashville Sounds batting - Pitching for Salt Lake Bees : RHP Jared Pollard
|
|
Batting: RHB Eduardo Chavez
|
0-0: Ball 1-0: Swinging Strike 1-1: DOUBLE (Line Drive, 89D, EV 109.4 MPH)
|
|
Batting: RHB Hyeong-uk Lyang
|
0-0: Called Strike 0-1: Ball 1-1: Ball 2-1: Ball 3-1: Foul Ball, location: 2F 3-2: Strikes out swinging
|
|
Batting: SHB Josh Thorpe
|
0-0: Called Strike 0-1: Ball 1-1: Swinging Strike 1-2: Strikes out swinging
|
|
Batting: RHB D.J. Torres
|
0-0: Ball 1-0: Ball 2-0: Foul Ball, location: 2F 2-1: Swinging Strike 2-2: Strikes out swinging
|
| Bottom of the 2nd over - 0 runs, 1 hit, 0 errors, 1 left on base; Salt Lake 0 - Nashville 1 |
| TOP OF THE 3RD |
|
Salt Lake Bees batting - Pitching for Nashville Sounds : RHP John LaMotte
|
|
Batting: SHB Ivan Barry
|
0-0: Bunt missed! 0-1: Swinging Strike 0-2: Strikes out looking
|
|
Batting: RHB Mike Harkins
|
0-0: Called Strike 0-1: Foul Ball, location: 2F 0-2: Ball 1-2: Fly out, F7 (Flyball, 7LS, EV 81.9 MPH)
|
|
Batting: RHB Justin Lauderdale
|
0-0: Foul Ball, location: 2F 0-1: Ball 1-1: Swinging Strike 1-2: Strikes out looking
|
| Top of the 3rd over - 0 runs, 0 hits, 0 errors, 0 left on base; Salt Lake 0 - Nashville 1 |
| BOTTOM OF THE 3RD |
|
Nashville Sounds batting - Pitching for Salt Lake Bees : RHP Jared Pollard
|
|
Batting: LHB Zachary DeLuca
|
0-0: Ball 1-0: Called Strike 1-1: Foul Ball, location: 2F 1-2: Foul Ball, location: 2F 1-2: Foul Ball, location: 2F 1-2: Ball 2-2: Fly out, F8 (Flyball, 8LM, EV 88.8 MPH)
|
|
Batting: RHB Robby Godwin
|
0-0: SINGLE (Line Drive, 6M, EV 95.6 MPH)
|
|
Batting: RHB Chris Stillions
|
0-0: DOUBLE (Groundball, 5L, EV 99.4 MPH) Robby Godwin to third Robby Godwin scores
|
|
Batting: RHB Dusty Thompson
|
0-0: Called Strike 0-1: Foul Ball, location: 2F 0-2: Strikes out swinging
|
|
Batting: SHB Rich Muniz
|
0-0: Ball 1-0: SINGLE (Groundball, 4M, EV 100.6 MPH) (infield hit) Chris Stillions to third
|
|
Batting: RHB Eduardo Chavez
|
0-0: Ball 1-0: Ball 2-0: Called Strike 2-1: Ball 3-1: Foul Ball, location: 2F Pickoff Throw to First - Error! E1 Chris Stillions scores Rich Muniz to second 3-2: SINGLE (Groundball, 6S, EV 66.9 MPH) (infield hit) Rich Muniz to third
|
|
Batting: RHB Hyeong-uk Lyang
|
0-0: Called Strike 0-1: Ball 1-1: Foul Ball, location: 2F 1-2: SINGLE (Popup, 4D, EV 46.9 MPH) Rich Muniz scores Eduardo Chavez to second Runner from 2nd tries for 3rd, SAFE, throw by 2B made to third
|
|
Batting: SHB Josh Thorpe
|
0-0: SINGLE (Flyball, 34D, EV 91.2 MPH) Eduardo Chavez scores Hyeong-uk Lyang to second Runner from 2nd tries for 3rd, OUT! 9-5
|
| Bottom of the 3rd over - 4 runs, 6 hits, 1 error, 1 left on base; Salt Lake 0 - Nashville 5 |
| TOP OF THE 4TH |
|
Salt Lake Bees batting - Pitching for Nashville Sounds : RHP John LaMotte
|
|
Batting: LHB Vinny Carreno
|
0-0: Ball 1-0: Called Strike 1-1: Foul Ball, location: 2F 1-2: Ball 2-2: Foul Ball, location: 2F 2-2: Ball 3-2: Strikes out swinging, 2-3 out at first.
|
|
Batting: LHB Matt Patnaude
|
0-0: Ball 1-0: Fly out, F9 (Flyball, 9, EV 91.9 MPH)
|
|
Batting: RHB Jose Pineda
|
0-0: Swinging Strike 0-1: Ball 1-1: DOUBLE (Line Drive, 89D, EV 109.4 MPH)
|
|
Batting: RHB Cesar Ortega
|
0-0: Ball 1-0: Ball Wild Pitch! Jose Pineda to third 2-0: Called Strike 2-1: Fly out, F5 (Line Drive, 5, EV 70.0 MPH)
|
| Top of the 4th over - 0 runs, 1 hit, 0 errors, 1 left on base; Salt Lake 0 - Nashville 5 |
| BOTTOM OF THE 4TH |
|
Nashville Sounds batting - Pitching for Salt Lake Bees : RHP Jared Pollard
|
|
Pitching: LHP Brennan Duncan
|
|
|
Batting: RHB D.J. Torres
|
0-0: Ball 1-0: Foul Ball, location: 2F 1-1: Ball 2-1: Ground out 6-3 (Groundball, 56, EV 87.5 MPH)
|
|
Batting: LHB Zachary DeLuca
|
0-0: Ball 1-0: Ball 2-0: Ball 3-0: Base on Balls
|
|
Batting: RHB Robby Godwin
|
0-0: Called Strike Zachary DeLuca is caught stealing 2nd base 2-4 0-1: Swinging Strike 0-2: Ground out 5-3 (Groundball, 5, EV 103.8 MPH)
|
| Bottom of the 4th over - 0 runs, 0 hits, 0 errors, 0 left on base; Salt Lake 0 - Nashville 5 |
| TOP OF THE 5TH |
|
Salt Lake Bees batting - Pitching for Nashville Sounds : RHP John LaMotte
|
|
Batting: SHB Brendan Bundy
|
0-0: Swinging Strike 0-1: Foul Ball, location: 2F 0-2: Foul Ball, location: 2F 0-2: Foul Ball, location: 2F 0-2: Foul Ball, location: 2F 0-2: Foul Ball, location: 2F 0-2: Strikes out swinging
|
|
Batting: RHB Ryan Marler
|
0-0: Ball 1-0: Called Strike 1-1: Foul Ball, location: 2F 1-2: Foul Ball, location: 2F 1-2: Ground out 4-3 (Groundball, 34, EV 98.8 MPH)
|
|
Batting: SHB Ivan Barry
|
0-0: Called Strike 0-1: Ball 1-1: Foul Ball, location: 2F 1-2: Ball 2-2: Ball 3-2: Foul Ball, location: 2F 3-2: SINGLE (Groundball, 4D, EV 105.0 MPH)
|
|
Batting: RHB Mike Harkins
|
0-0: Ball 1-0: Called Strike 1-1: Ball 2-1: Called Strike 2-2: Strikes out swinging
|
| Top of the 5th over - 0 runs, 1 hit, 0 errors, 1 left on base; Salt Lake 0 - Nashville 5 |
| BOTTOM OF THE 5TH |
|
Nashville Sounds batting - Pitching for Salt Lake Bees : LHP Brennan Duncan
|
|
Batting: RHB Chris Stillions
|
0-0: Ball 1-0: Ball 2-0: Ball 3-0: Called Strike 3-1: Base on Balls
|
|
Batting: RHB Dusty Thompson
|
0-0: Fly out, F9 (Flyball, 9S, EV 76.2 MPH)
|
|
Batting: SHB Rich Muniz
|
0-0: Ball 1-0: Ball 2-0: Foul Ball, location: 2F 2-1: Ball 3-1: Called Strike 3-2: Strikes out looking
|
|
Batting: RHB Eduardo Chavez
|
0-0: Called Strike 0-1: Called Strike 0-2: Fielders Choice at 2nd, 6-4 (Groundball, 6, EV 97.5 MPH)
|
| Bottom of the 5th over - 0 runs, 0 hits, 0 errors, 1 left on base; Salt Lake 0 - Nashville 5 |
| TOP OF THE 6TH |
|
Salt Lake Bees batting - Pitching for Nashville Sounds : RHP John LaMotte
|
|
Pitching: RHP Ace Gaskins
|
|
|
Batting: RHB Justin Lauderdale
|
0-0: Ball 1-0: Called Strike 1-1: Foul Ball, location: 2F 1-2: Fly out, F7 (Flyball, 7D, EV 97.5 MPH)
|
|
Batting: LHB Vinny Carreno
|
0-0: Ball 1-0: Ball 2-0: Ball 3-0: Base on Balls
|
|
Batting: LHB Matt Patnaude
|
0-0: Called Strike 0-1: Ball 1-1: Ball 2-1: SINGLE (Line Drive, 4M, EV 107.5 MPH) Vinny Carreno to second
|
|
Batting: RHB Jose Pineda
|
0-0: Called Strike 0-1: SINGLE (Line Drive, 9LM, EV 103.8 MPH) Vinny Carreno to third Matt Patnaude to second
|
|
Batting: RHB Cesar Ortega
|
0-0: Called Strike 0-1: Ball 1-1: Ball 2-1: Foul Ball, location: 2F 2-2: Strikes out looking
|
|
Batting: SHB Brendan Bundy
|
0-0: Ball 1-0: Fly out, F3 (Popup, 3SF, EV 78.8 MPH)
|
| Top of the 6th over - 0 runs, 2 hits, 0 errors, 3 left on base; Salt Lake 0 - Nashville 5 |
| BOTTOM OF THE 6TH |
|
Nashville Sounds batting - Pitching for Salt Lake Bees : LHP Brennan Duncan
|
|
Batting: RHB Hyeong-uk Lyang
|
0-0: Ground out U3 (Groundball, 34, EV 101.9 MPH)
|
|
Batting: SHB Josh Thorpe
|
0-0: Foul Ball, location: 2F 0-1: Ball 1-1: Called Strike 1-2: Foul Ball, location: 2F 1-2: Ball 2-2: Fly out, F9 (Flyball, 9S, EV 92.5 MPH)
|
|
Batting: RHB D.J. Torres
|
0-0: Foul Ball, location: 2F 0-1: Swinging Strike 0-2: Foul Ball, location: 2F 0-2: Foul Ball, location: 2F 0-2: Fly out, F4 (Popup, 4D, EV 70.0 MPH)
|
| Bottom of the 6th over - 0 runs, 0 hits, 0 errors, 0 left on base; Salt Lake 0 - Nashville 5 |
| TOP OF THE 7TH |
|
Salt Lake Bees batting - Pitching for Nashville Sounds : RHP Ace Gaskins
|
|
Batting: RHB Ryan Marler
|
0-0: Ball 1-0: Called Strike 1-1: Foul Ball, location: 2F 1-2: Fly out, F9 (Flyball, 9LS, EV 90.0 MPH)
|
|
Batting: SHB Ivan Barry
|
0-0: Foul Ball, location: 2F 0-1: Ball 1-1: Fly out, F9 (Flyball, 9, EV 85.0 MPH)
|
|
Batting: RHB Mike Harkins
|
0-0: Ball 1-0: Ball 2-0: Called Strike 2-1: Ground out 6-3 (Groundball, 56, EV 102.5 MPH)
|
| Top of the 7th over - 0 runs, 0 hits, 0 errors, 0 left on base; Salt Lake 0 - Nashville 5 |
| BOTTOM OF THE 7TH |
|
Nashville Sounds batting - Pitching for Salt Lake Bees : LHP Brennan Duncan
|
|
Batting: LHB Zachary DeLuca
|
0-0: Ball 1-0: Ball 2-0: Fly out, F7 (Flyball, 7S, EV 81.2 MPH)
|
|
Batting: RHB Robby Godwin
|
0-0: Called Strike 0-1: Fly out, F5 (Line Drive, 5, EV 65.6 MPH)
|
|
Batting: RHB Chris Stillions
|
0-0: Ball 1-0: Ball 2-0: SINGLE (Flyball, 89S, EV 96.9 MPH)
|
|
Batting: RHB Dusty Thompson
|
0-0: Ball 1-0: Called Strike 1-1: SINGLE (Line Drive, 78S, EV 107.5 MPH) Chris Stillions to second
|
|
Batting: SHB Rich Muniz
|
0-0: Ball 1-0: SINGLE (Line Drive, 9S, EV 100.6 MPH) Chris Stillions to third Dusty Thompson to second
|
|
Batting: RHB Eduardo Chavez
|
0-0: Swinging Strike 0-1: Foul Ball, location: 2F 0-2: Strikes out swinging
|
| Bottom of the 7th over - 0 runs, 3 hits, 0 errors, 3 left on base; Salt Lake 0 - Nashville 5 |
| TOP OF THE 8TH |
|
Salt Lake Bees batting - Pitching for Nashville Sounds : RHP Ace Gaskins
|
|
Batting: RHB Justin Lauderdale
|
0-0: Ground out 6-3 (Groundball, 6, EV 79.4 MPH)
|
|
Batting: LHB Vinny Carreno
|
0-0: Ball 1-0: Ball 2-0: Called Strike 2-1: Ball 3-1: Called Strike 3-2: Ground out U3 (Groundball, 13, EV 89.4 MPH)
|
|
Batting: LHB Matt Patnaude
|
0-0: Called Strike 0-1: Foul Ball, location: 2F 0-2: Foul Ball, location: 2F 0-2: Ball 1-2: Fly out, F3 (Popup, 34, EV 63.8 MPH)
|
| Top of the 8th over - 0 runs, 0 hits, 0 errors, 0 left on base; Salt Lake 0 - Nashville 5 |
| BOTTOM OF THE 8TH |
|
Nashville Sounds batting - Pitching for Salt Lake Bees : LHP Brennan Duncan
|
|
Batting: RHB Hyeong-uk Lyang
|
0-0: Called Strike 0-1: Ball 1-1: Foul Ball, location: 2F 1-2: Ball 2-2: Foul Ball, location: 2F 2-2: Ball 3-2: Ground out 4-3 (Groundball, 4, EV 90.0 MPH)
|
|
Batting: SHB Josh Thorpe
|
0-0: Ball 1-0: Called Strike 1-1: Ground out 4-3 (Groundball, 4, EV 108.8 MPH)
|
|
Batting: RHB D.J. Torres
|
0-0: Ground out 6-3 (Groundball, 6, EV 103.8 MPH)
|
| Bottom of the 8th over - 0 runs, 0 hits, 0 errors, 0 left on base; Salt Lake 0 - Nashville 5 |
| TOP OF THE 9TH |
|
Salt Lake Bees batting - Pitching for Nashville Sounds : RHP Ace Gaskins
|
|
Batting: RHB Jose Pineda
|
0-0: Ball 1-0: DOUBLE (Line Drive, 89D, EV 107.5 MPH)
|
|
Pitching: RHP Joe Spampinato
|
|
|
Batting: RHB Cesar Ortega
|
0-0: Ball 1-0: Swinging Strike 1-1: SINGLE (Line Drive, 9LM, EV 106.2 MPH) Jose Pineda to third
|
|
Batting: SHB Brendan Bundy
|
0-0: Called Strike 0-1: Swinging Strike 0-2: Strikes out swinging
|
|
Batting: RHB Ryan Marler
|
0-0: Called Strike 0-1: Swinging Strike 0-2: Ball 1-2: Strikes out swinging
|
|
Batting: SHB Ivan Barry
|
0-0: Called Strike 0-1: Called Strike 0-2: Strikes out looking
|
| Top of the 9th over - 0 runs, 2 hits, 0 errors, 2 left on base; Salt Lake 0 - Nashville 5 |
|